Crunch vs Little Stars
Created - June 4, 2023 at 22:08
Goals
|
| Crunch |
3 |
3 |
0 |
6 |
| Little Stars |
1 |
0 |
4 |
5 |
|
Shots
|
| Crunch |
12 |
11 |
8 |
31 |
| Little Stars |
7 |
5 |
17 |
29 |
|
1st period
1. Little Stars , Matt Luff 9 (Eric Knodel 27) at 10:38
2. Crunch , Jeremy Bracco 21 (Anthony Cirelli 46, Sam Bennett 43) at 14:58
3. Crunch , Sam Bennett 24 (Jeremy Bracco 28) at 16:46 (PP)
4. Crunch , Jeremy Bracco 22 (Anthony Cirelli 47) at 19:33
Penalties :
Ilya Mikheyev (Tex) for Roughing (Minor) at 5:43, Anton Cederholm (Tex) for Holding (Minor) at 16:31
2nd period
5. Crunch , Jack Roslovic 49 (Michael Ferland 12) at 14:44
6. Crunch , Jack Roslovic 50 (Michael Ferland 13, Jordan Oesterle 30) at 16:46
7. Crunch , Sam Bennett 25 (Roland McKeown 41, Jeremy Bracco 29) at 16:58
Penalties :
Sam Bennett (Syr) for Roughing (Minor) at 3:06, Robert Thomas (Syr) for Charging (Minor) at 6:14, Daniel O'regan (Tex) for Interference (Minor) at 10:07
3rd period
8. Little Stars , Henrik Borgstrom 30 (Adam Tambellini 41, Reece Willcox 29) at 2:02
9. Little Stars , Daniel O'regan 43 (Ilya Mikheyev 56, Jordan LaVallee 43) at 5:42
10. Little Stars , Matt Luff 10 (Joakim Nygard 34, Jason Dickinson 21) at 12:33
11. Little Stars , Alex Belzile 17 (Henrik Borgstrom 26, Adam Tambellini 42) at 17:07
Penalties :
Anton Cederholm (Tex) for Holding (Minor) at 6:02, Michael Ferland (Syr) for Holding (Minor) at 8:50, Noah Hanifin (Syr) for Holding (Minor) at 17:37
Goalie Stats
Kaapo Kahkonen (Syr), 24 saves from 29 shots - (0.828), W, 30-25-4, 60:00 minutes
Danil Tarasov (Tex), 11 saves from 13 shots - (0.846), L, 2-4-0, 24:18 minutes
Michael Houser (Tex), 14 saves from 18 shots - (0.778), 34:44 minutes
Players Stats for Crunch
Player Name G A P +/- PIM S H SB GA TA FO MP PP MP PK MP
------------------------------------------------------------------------------------
Anatoli Golyshev 0 0 0 0 0 2 1 0 1 0 0/0 7:37 0:00 0:03
Anthony Cirelli 0 2 2 2 0 0 0 0 2 0 1/3 25:16 3:35 4:42
Brandon Hagel 0 0 0 -1 0 1 1 0 0 0 0/1 13:33 2:35 2:02
Brendan Guhle 0 0 0 1 0 2 1 2 0 1 0/0 28:39 2:34 4:36
Connor Bunnaman 0 0 0 0 0 0 0 0 0 1 0/1 7:34 0:00 0:00
Jack Roslovic 2 0 2 -1 0 5 1 0 1 0 7/17 18:39 2:37 3:30
Jacob Josefson 0 0 0 -1 0 1 2 0 0 0 2/5 8:50 0:02 0:07
Jakob Chychrun 0 0 0 -1 0 0 0 1 0 1 0/0 17:39 3:38 0:38
Jeremy Bracco 2 2 4 2 0 6 5 0 1 0 0/1 20:11 3:35 0:00
Joel Vermin 0 0 0 -1 0 1 1 0 0 0 0/0 9:01 0:02 0:00
Jordan Oesterle 0 1 1 0 0 1 3 1 1 1 0/0 18:32 3:38 3:17
Max McCormick 0 0 0 0 0 1 2 0 0 0 0/0 7:34 0:00 0:00
Michael Ferland 0 2 2 -1 2 1 3 0 0 0 0/0 14:37 0:00 2:10
Noah Hanifin 0 0 0 -2 2 0 2 1 1 0 0/0 19:15 2:34 2:45
Robert Thomas 0 0 0 -1 2 1 1 0 0 1 1/1 15:00 2:35 0:00
Roland McKeown 0 1 1 2 0 2 0 3 0 0 0/0 24:34 0:00 4:36
Sam Bennett 2 1 3 2 2 7 2 0 0 1 19/36 24:04 3:35 3:18
Sean Walker 0 0 0 0 0 0 0 0 0 0 0/0 11:25 0:00 0:00
Players Stats for Little Stars
Player Name G A P +/- PIM S H SB GA TA FO MP PP MP PK MP
------------------------------------------------------------------------------------
Adam Tambellini 0 2 2 0 0 4 1 0 0 0 2/2 17:03 3:09 2:27
Alex Belzile 1 0 1 0 0 1 0 0 0 0 1/1 14:32 3:09 0:00
Anton Cederholm 0 0 0 -1 4 1 1 1 0 1 0/0 25:26 5:00 2:23
Connor Mackey 0 0 0 0 0 0 0 0 0 0 0/0 3:43 0:00 0:06
Daniel O'regan 1 0 1 -1 2 4 2 0 1 0 15/25 22:02 4:43 0:40
Emile Poirier 0 0 0 0 0 0 0 0 0 0 1/1 1:41 0:04 0:50
Eric Knodel 0 1 1 -1 0 1 0 1 0 0 0/0 19:37 2:56 2:16
Filip Chytil 0 0 0 0 0 0 0 0 0 0 0/0 0:48 0:00 0:48
Henrik Borgstrom 1 1 2 0 0 4 2 0 0 0 6/19 14:32 3:09 0:00
Ilya Mikheyev 0 1 1 -1 2 2 2 1 1 1 0/1 23:57 4:43 2:25
Jason Dickinson 0 1 1 1 0 0 0 0 0 0 3/5 10:28 0:00 0:00
Joakim Nygard 0 1 1 1 0 1 0 0 0 1 0/0 10:28 0:00 0:00
Jonathan Dahlen 0 0 0 0 0 0 0 0 0 0 0/0 0:00 0:00 0:00
Jordan LaVallee 0 1 1 -1 0 2 4 0 1 2 4/8 24:46 4:43 3:23
Justin Auger 0 0 0 0 0 1 0 0 0 0 0/0 6:53 0:04 0:00
Lawrence Pilut 0 0 0 0 0 0 1 0 0 0 0/0 3:37 0:00 0:00
Matt Luff 2 0 2 1 0 2 1 0 0 0 0/0 10:28 0:00 0:00
Michael Mersch 0 0 0 0 0 1 0 1 1 0 0/0 6:30 0:00 0:00
Radel Fazleev 0 0 0 0 0 0 0 0 0 0 0/0 2:23 0:00 1:51
Reece Willcox 0 1 1 -1 0 3 1 0 2 0 0/0 19:37 2:56 2:16
Roman Horak 0 0 0 0 0 0 1 0 0 0 2/2 6:30 0:00 0:00
Shane Gersich 0 0 0 0 0 0 0 0 0 0 1/1 0:41 0:04 0:00
Tucker Poolman 0 0 0 2 0 0 0 0 0 1 0/0 9:24 0:00 0:00
Ville Pokka 0 0 0 2 0 0 0 0 0 0 0/0 11:16 0:00 1:27
Wiley Sherman 0 0 0 -1 0 2 2 1 0 1 0/0 27:22 5:00 3:56
3 Stars
1 - Jeremy Bracco (Syr)
2 - Sam Bennett (Syr)
3 - Matt Luff (Tex)
Power Play
Crunch - 1 on 4 Attempt(s) - 25.00%
Little Stars - 0 on 4 Attempt(s) - 0.00%
Penalty Kill
Crunch - 4 on 4 Attempt(s) - 100.00%
- Score 0 goal in Penalty Kill
Little Stars - 3 on 4 Attempt(s) - 75.00%
- Score 0 goal in Penalty Kill
Team Stat
Crunch - Hits : 25 - Faceoff Wins : 30 - Blocked Shots : 8 - Penalty Minutes : 8
Little Stars - Hits : 18 - Faceoff Wins : 35 - Blocked Shots : 5 - Penalty Minutes : 8
Official
Referees : Pierre Lambert and Jean Hebert
Linesman : Brian Mach and David Brisebois
Game Notes
Danil Tarasov enters game at 14:44 of 2nd period
Finance
Level 1 -- Attendance: 1852 (92.60%) -- Ticket Income $64,820
Level 2 -- Attendance: 889 (88.90%) -- Ticket Income $13,335
Total Attendance: 2741 (91.37%)
Total Ticket Income: $78,155
Other Income: $3,908
Total Income: $82,063
Crunch
5 vs 5 Forward
Center Left Wing Right Wing Time % Phy DF OF
1 Sam Bennett Anthony Cirelli Jeremy Bracco 40 1 2 2
2 Jack Roslovic Michael Ferland Robert Thomas 30 1 2 2
3 Jacob Josefson Brandon Hagel Joel Vermin 20 1 2 2
4 Connor Bunnaman Anatoli Golyshev Max McCormick 10 1 2 2
5 vs 5 Defense
Defense Defense Time % Phy DF OF
1 Roland McKeown Brendan Guhle 40 1 2 2
2 Noah Hanifin Jakob Chychrun 30 1 2 2
3 Sean Walker Jordan Oesterle 20 1 2 2
4 Roland McKeown Brendan Guhle 10 1 2 2
PowerPlay Forward
Center Left Wing Right Wing Time % Phy DF OF
1 Sam Bennett Anthony Cirelli Jeremy Bracco 60 1 2 2
2 Jack Roslovic Brandon Hagel Robert Thomas 40 1 2 2
PowerPlay Defense
Defense Defense Time % Phy DF OF
1 Jakob Chychrun Jordan Oesterle 60 1 2 2
2 Noah Hanifin Brendan Guhle 40 1 2 2
Penalty Kill 4 Players Forward
Center Wing Time % Phy DF OF
1 Sam Bennett Anthony Cirelli 60 1 2 2
2 Jack Roslovic Michael Ferland 40 1 2 2
Penalty Kill 4 Players Defense
Defense Defense Time % Phy DF OF
1 Roland McKeown Brendan Guhle 60 1 2 2
2 Noah Hanifin Jordan Oesterle 40 1 2 2
Penalty Kill - 3 Players Forward
Forward Time % Phy DF OF
1 Sam Bennett 60 1 2 2
2 Jack Roslovic 40 1 2 2
Penalty Kill - 3 Players Defense
Defense Defense Time % Phy DF OF
1 Roland McKeown Brendan Guhle 60 1 2 2
2 Noah Hanifin Jordan Oesterle 40 1 2 2
4 vs 4 Forward
Center Wing Time % Phy DF OF
1 Sam Bennett Anthony Cirelli 60 1 2 2
2 Jack Roslovic Brandon Hagel 40 1 2 2
4 vs 4 Defense
Defense Defense Time % Phy DF OF
1 Roland McKeown Brendan Guhle 60 1 2 2
2 Noah Hanifin Jakob Chychrun 40 1 2 2
Last Minutes Offensive
Center Left Wing Right Wing Defense Defense
Sam Bennett Anthony Cirelli Joel Vermin Noah Hanifin Jakob Chychrun
Last Minutes Defensive
Center Left Wing Right Wing Defense Defense
Sam Bennett Anthony Cirelli Joel Vermin Roland McKeown Brendan Guhle
Goaltenders
Starting : Kaapo Kahkonen
Backup : Jordan Binnington
Extra Forwards
Normal : Brandon Hagel, Jacob Josefson, Joel Vermin - PP : Brandon Hagel, Jacob Josefson - PK : Brandon Hagel
Extra Defensemen
Normal : Jordan Oesterle, Jakob Chychrun, Sean Walker - PP : Jordan Oesterle - PK : Jordan Oesterle, Jakob Chychrun
Penalty Shots
Sam Bennett, Jack Roslovic, Anthony Cirelli, Michael Ferland, Brandon Hagel
Scratches
Axel Holmstrom (Healthy), Blake Lizotte (Healthy), Charles-Olivier Roussel (Healthy), Michael Downing (Healthy), Nikita Gusev (Healthy)
Blake Hillman (Healthy), Josef Korenar (Healthy)
Little Stars
5 vs 5 Forward
Center Left Wing Right Wing Time % Phy DF OF
1 Daniel O'regan Jordan LaVallee Ilya Mikheyev 40 1 2 2
2 Henrik Borgstrom Adam Tambellini Alex Belzile 30 1 2 2
3 Jason Dickinson Joakim Nygard Matt Luff 20 1 2 2
4 Roman Horak Michael Mersch Justin Auger 10 1 2 2
5 vs 5 Defense
Defense Defense Time % Phy DF OF
1 Anton Cederholm Wiley Sherman 40 1 2 2
2 Eric Knodel Reece Willcox 30 1 2 2
3 Tucker Poolman Ville Pokka 20 1 2 2
4 Connor Mackey Lawrence Pilut 10 1 2 2
PowerPlay Forward
Center Left Wing Right Wing Time % Phy DF OF
1 Daniel O'regan Jordan LaVallee Ilya Mikheyev 60 1 2 2
2 Henrik Borgstrom Adam Tambellini Alex Belzile 40 1 2 2
PowerPlay Defense
Defense Defense Time % Phy DF OF
1 Anton Cederholm Wiley Sherman 60 1 2 2
2 Eric Knodel Reece Willcox 40 1 2 2
Penalty Kill 4 Players Forward
Center Wing Time % Phy DF OF
1 Jordan LaVallee Ilya Mikheyev 60 1 2 2
2 Adam Tambellini Daniel O'regan 40 1 2 2
Penalty Kill 4 Players Defense
Defense Defense Time % Phy DF OF
1 Anton Cederholm Wiley Sherman 60 1 2 2
2 Eric Knodel Reece Willcox 40 1 2 2
Penalty Kill - 3 Players Forward
Forward Time % Phy DF OF
1 Jordan LaVallee 60 1 2 2
2 Ilya Mikheyev 40 1 2 2
Penalty Kill - 3 Players Defense
Defense Defense Time % Phy DF OF
1 Anton Cederholm Wiley Sherman 60 1 2 2
2 Eric Knodel Reece Willcox 40 1 2 2
4 vs 4 Forward
Center Wing Time % Phy DF OF
1 Jordan LaVallee Ilya Mikheyev 60 1 2 2
2 Adam Tambellini Daniel O'regan 40 1 2 2
4 vs 4 Defense
Defense Defense Time % Phy DF OF
1 Anton Cederholm Wiley Sherman 60 1 2 2
2 Eric Knodel Reece Willcox 40 1 2 2
Last Minutes Offensive
Center Left Wing Right Wing Defense Defense
Daniel O'regan Jordan LaVallee Ilya Mikheyev Anton Cederholm Wiley Sherman
Last Minutes Defensive
Center Left Wing Right Wing Defense Defense
Daniel O'regan Jordan LaVallee Ilya Mikheyev Anton Cederholm Wiley Sherman
Goaltenders
Starting : Michael Houser
Backup : Danil Tarasov
Extra Forwards
Normal : Emile Poirier, Shane Gersich, Radel Fazleev - PP : Emile Poirier, Shane Gersich - PK : Radel Fazleev
Extra Defensemen
Normal : Tucker Poolman, Ville Pokka, Connor Mackey - PP : Tucker Poolman - PK : Ville Pokka, Connor Mackey
Penalty Shots
Jordan LaVallee, Ilya Mikheyev, Adam Tambellini, Daniel O'regan, Henrik Borgstrom
Scratches
Jean-Christophe Beaudin (Healthy), Rudolfs Balcers (Healthy), Yakov Trenin (Healthy), Joey Anderson (Healthy), Givani Smith (Healthy)
Connor Knapp (Left Eye Injury)
% Time on Ice - Crunch
Lines # - Real PCT - Wanted PCT - Time Play
Normal Forward
1 - 37% - 40% - 16:54
2 - 28% - 30% - 12:32
3 - 19% - 20% - 8:34
4 - 17% - 10% - 7:34
Normal Defense
1 - 41% - 40% - 18:35
2 - 32% - 30% - 14:43
3 - 23% - 20% - 10:28
4 - 4% - 10% - 1:48
PP Forward
1 - 58% - 60% - 3:35
2 - 42% - 40% - 2:37
PP Defense
1 - 59% - 60% - 3:38
2 - 41% - 40% - 2:34
PK Forward
1 - 73% - 60% - 5:49
2 - 27% - 40% - 2:07
PK Defense
1 - 59% - 60% - 4:39
2 - 41% - 40% - 3:17
PK3 Forward
1 - 0% - 60%
2 - 0% - 40%
PK3 Defense
1 - 0% - 60%
2 - 0% - 40%
44 Forward
1 - 0% - 60%
2 - 0% - 40%
44 Defense
1 - 0% - 60%
2 - 0% - 40%
Last Minute Offensive - 0:00
Last Minute Defensive - 0:18
Total
Forward - 60:00
Defense - 60:00
|
% Time on Ice - Little Stars
Lines # - Real PCT - Wanted PCT - Time Play
Normal Forward
1 - 38% - 40% - 17:13
2 - 25% - 30% - 11:23
3 - 23% - 20% - 10:28
4 - 14% - 10% - 6:30
Normal Defense
1 - 40% - 40% - 18:08
2 - 32% - 30% - 14:25
3 - 21% - 20% - 9:24
4 - 8% - 10% - 3:37
PP Forward
1 - 60% - 60% - 4:47
2 - 40% - 40% - 3:09
PP Defense
1 - 63% - 60% - 5:00
2 - 37% - 40% - 2:56
PK Forward
1 - 78% - 60% - 4:50
2 - 22% - 40% - 1:22
PK Defense
1 - 63% - 60% - 3:56
2 - 37% - 40% - 2:16
PK3 Forward
1 - 0% - 60%
2 - 0% - 40%
PK3 Defense
1 - 0% - 60%
2 - 0% - 40%
44 Forward
1 - 0% - 60%
2 - 0% - 40%
44 Defense
1 - 0% - 60%
2 - 0% - 40%
Last Minute Offensive - 0:18
Last Minute Defensive - 0:00
Total
Forward - 60:00
Defense - 60:00
|
Play-by-Play
1st period
0:01 of 1st period - Jordan LaVallee wins face-off versus Sam Bennett in neutral zone.
0:04 of 1st period - Brendan Guhle is hit by Jordan LaVallee and loses puck.
1:14 of 1st period - Eric Knodel is hit by Max McCormick and loses puck.
1:24 of 1st period - Off-side.
1:25 of 1st period - Sam Bennett wins face-off versus Jordan LaVallee in neutral zone.
1:36 of 1st period - Daniel O'regan is hit by Jeremy Bracco and loses puck.
1:51 of 1st period - Alex Belzile is hit by Robert Thomas and loses puck.
2:24 of 1st period - Joakim Nygard is hit by Jordan Oesterle and loses puck.
3:25 of 1st period - Slapshot by Adam Tambellini.
3:25 of 1st period - Stopped by Kaapo Kahkonen with a rebound.
4:08 of 1st period - Slapshot by Jeremy Bracco.
4:08 of 1st period - Deflect By Sam Bennett.
4:08 of 1st period - Stopped by Michael Houser with a rebound.
4:10 of 1st period - Slapshot by Brendan Guhle.
4:10 of 1st period - Stopped by Michael Houser without a rebound.
4:11 of 1st period - Henrik Borgstrom wins face-off versus Jack Roslovic in Little Stars zone.
4:36 of 1st period - Jordan Oesterle is hit by Ilya Mikheyev and loses puck.
4:41 of 1st period - Snap shot by Ilya Mikheyev.
4:41 of 1st period - Shot Misses the Net.
4:43 of 1st period - Slapshot by Eric Knodel.
4:43 of 1st period - Shot Blocked by Jordan Oesterle.
4:45 of 1st period - Slapshot by Reece Willcox.
4:45 of 1st period - Stopped by Kaapo Kahkonen with a rebound.
4:47 of 1st period - Slapshot by Reece Willcox.
4:47 of 1st period - Stopped by Kaapo Kahkonen without a rebound.
4:48 of 1st period - Henrik Borgstrom wins face-off versus Jacob Josefson in Crunch zone.
4:51 of 1st period - Snap shot by Adam Tambellini.
4:51 of 1st period - Shot Misses the Net.
5:20 of 1st period - Snap shot by Jeremy Bracco.
5:20 of 1st period - Stopped by Michael Houser without a rebound.
5:21 of 1st period - Daniel O'regan wins face-off versus Sam Bennett in Little Stars zone.
5:32 of 1st period - Ilya Mikheyev is hit by Jeremy Bracco and loses puck.
5:43 of 1st period - Minor Penalty to Ilya Mikheyev for Roughing.
5:44 of 1st period - Sam Bennett wins face-off versus Jordan LaVallee in Little Stars zone.
5:45 of 1st period - Backhand shot by Jeremy Bracco.
5:45 of 1st period - Shot Misses the Net.
6:09 of 1st period - Jack Roslovic is hit by Adam Tambellini and loses puck.
6:57 of 1st period - Jordan LaVallee is hit by Brandon Hagel and loses puck.
7:43 of 1st period - Penalty to Ilya Mikheyev is over, Ilya Mikheyev is back on ice.
8:00 of 1st period - Jason Dickinson is hit by Max McCormick.
8:48 of 1st period - Snap shot by Henrik Borgstrom.
8:48 of 1st period - Deflect By Michael Mersch.
8:48 of 1st period - Stopped by Kaapo Kahkonen without a rebound.
8:49 of 1st period - Roman Horak wins face-off versus Jack Roslovic in Crunch zone.
8:56 of 1st period - Reece Willcox is hit by Noah Hanifin and loses puck.
9:16 of 1st period - Joakim Nygard is hit by Jeremy Bracco.
10:12 of 1st period - Snap shot by Michael Mersch.
10:12 of 1st period - Shot Hit the Post.
10:38 of 1st period - Snap shot by Matt Luff.
10:38 of 1st period - Goal by Matt Luff - Crunch : 0 - Little Stars : 1.
10:39 of 1st period - Daniel O'regan wins face-off versus Sam Bennett in neutral zone.
11:04 of 1st period - Slapshot by Jacob Josefson.
11:04 of 1st period - Shot Misses the Net.
11:35 of 1st period - Wrist shot by Robert Thomas.
11:35 of 1st period - Stopped by Michael Houser with a rebound.
11:37 of 1st period - Slapshot by Brendan Guhle.
11:37 of 1st period - Stopped by Michael Houser with a rebound.
11:52 of 1st period - Off-side.
11:53 of 1st period - Jason Dickinson wins face-off versus Sam Bennett in neutral zone.
12:18 of 1st period - Adam Tambellini is hit by Michael Ferland and loses puck.
12:43 of 1st period - Brendan Guhle is hit by Ilya Mikheyev.
13:03 of 1st period - Snap shot by Max McCormick.
13:03 of 1st period - Shot Blocked by Michael Mersch.
13:48 of 1st period - Backhand shot by Alex Belzile.
13:48 of 1st period - Deflect By Jack Roslovic.
13:48 of 1st period - Shot Blocked by Roland McKeown.
13:48 of 1st period - Puck is out of play.
13:49 of 1st period - Daniel O'regan wins face-off versus Jack Roslovic in Crunch zone.
13:50 of 1st period - Snap shot by Ilya Mikheyev.
13:50 of 1st period - Shot Blocked by Jakob Chychrun.
13:57 of 1st period - Icing by Wiley Sherman.
13:58 of 1st period - Daniel O'regan wins face-off versus Jack Roslovic in Little Stars zone.
14:39 of 1st period - Anton Cederholm is hit by Michael Ferland and loses puck.
14:50 of 1st period - Snap shot by Daniel O'regan.
14:50 of 1st period - Stopped by Kaapo Kahkonen without a rebound.
14:51 of 1st period - Sam Bennett wins face-off versus Henrik Borgstrom in Crunch zone.
14:58 of 1st period - Wrist shot by Jeremy Bracco.
14:58 of 1st period - Goal by Jeremy Bracco - Crunch : 1 - Little Stars : 1.
14:59 of 1st period - Henrik Borgstrom wins face-off versus Jeremy Bracco in neutral zone.
15:14 of 1st period - Wrist shot by Adam Tambellini.
15:14 of 1st period - Shot Blocked by Roland McKeown.
15:23 of 1st period - Icing by Reece Willcox.
15:24 of 1st period - Robert Thomas wins face-off versus Henrik Borgstrom in Little Stars zone.
15:49 of 1st period - Snap shot by Daniel O'regan.
15:49 of 1st period - Shot Misses the Net.
16:13 of 1st period - Wrist shot by Jeremy Bracco.
16:13 of 1st period - Stopped by Michael Houser without a rebound.
16:14 of 1st period - Jason Dickinson wins face-off versus Jack Roslovic in Little Stars zone.
16:22 of 1st period - Off-side.
16:23 of 1st period - Sam Bennett wins face-off versus Daniel O'regan in neutral zone.
16:31 of 1st period - Minor Penalty to Anton Cederholm for Holding.
16:32 of 1st period - Jordan LaVallee wins face-off versus Anthony Cirelli in Little Stars zone.
16:46 of 1st period - Wrist shot by Sam Bennett.
16:46 of 1st period - Deflect By Jordan LaVallee.
16:46 of 1st period - Goal by Sam Bennett - Crunch : 2 - Little Stars : 1.
16:47 of 1st period - Daniel O'regan wins face-off versus Sam Bennett in neutral zone.
17:19 of 1st period - Wrist shot by Henrik Borgstrom.
17:19 of 1st period - Stopped by Kaapo Kahkonen with a rebound.
17:46 of 1st period - Slapshot by Brandon Hagel.
17:46 of 1st period - Shot Misses the Net.
18:37 of 1st period - Off-side.
18:38 of 1st period - Jack Roslovic wins face-off versus Henrik Borgstrom in neutral zone.
18:51 of 1st period - Wrist shot by Jack Roslovic.
18:51 of 1st period - Stopped by Michael Houser with a rebound.
19:05 of 1st period - Snap shot by Joel Vermin.
19:05 of 1st period - Stopped by Michael Houser without a rebound.
19:06 of 1st period - Jacob Josefson wins face-off versus Daniel O'regan in Little Stars zone.
19:33 of 1st period - Wrist shot by Jeremy Bracco.
19:33 of 1st period - Goal by Jeremy Bracco - Crunch : 3 - Little Stars : 1.
19:34 of 1st period - Sam Bennett wins face-off versus Daniel O'regan in neutral zone.
19:39 of 1st period - Snap shot by Jeremy Bracco.
19:39 of 1st period - Stopped by Michael Houser with a rebound.
Goals for this period are 3 for Crunch vs 1 for Little Stars.
Shots for this period are 12 for Crunch vs 7 for Little Stars.
2nd period
0:01 of 2nd period - Daniel O'regan wins face-off versus Anthony Cirelli in neutral zone.
1:18 of 2nd period - Off-side.
1:19 of 2nd period - Jordan LaVallee wins face-off versus Connor Bunnaman in neutral zone.
1:57 of 2nd period - Wrist shot by Max McCormick.
1:57 of 2nd period - Stopped by Michael Houser with a rebound.
1:59 of 2nd period - Wrist shot by Max McCormick.
1:59 of 2nd period - Shot Misses the Net.
2:01 of 2nd period - Slapshot by Jordan Oesterle.
2:01 of 2nd period - Stopped by Michael Houser without a rebound.
2:02 of 2nd period - Sam Bennett wins face-off versus Daniel O'regan in Little Stars zone.
2:31 of 2nd period - Wrist shot by Jack Roslovic.
2:31 of 2nd period - Stopped by Michael Houser with a rebound.
2:49 of 2nd period - Lawrence Pilut is hit by Jacob Josefson.
3:06 of 2nd period - Minor Penalty to Sam Bennett for Roughing.
3:07 of 2nd period - Daniel O'regan wins face-off versus Brandon Hagel in Crunch zone.
4:16 of 2nd period - Icing by Henrik Borgstrom.
4:17 of 2nd period - Jack Roslovic wins face-off versus Henrik Borgstrom in Little Stars zone.
4:32 of 2nd period - Brendan Guhle is hit by Jordan LaVallee and loses puck.
5:06 of 2nd period - Penalty to Sam Bennett is over, Sam Bennett is back on ice.
5:31 of 2nd period - Snap shot by Joakim Nygard.
5:31 of 2nd period - Shot Misses the Net.
5:51 of 2nd period - Eric Knodel is hit by Jacob Josefson and loses puck.
6:10 of 2nd period - Snap shot by Michael Mersch.
6:10 of 2nd period - Deflect By Jordan Oesterle.
6:10 of 2nd period - Shot Misses the Net.
6:10 of 2nd period - Puck is out of play.
6:11 of 2nd period - Jack Roslovic wins face-off versus Daniel O'regan in Crunch zone.
6:11 of 2nd period - Jack Roslovic is hit by Daniel O'regan.
6:14 of 2nd period - Minor Penalty to Robert Thomas for Charging.
6:15 of 2nd period - Sam Bennett wins face-off versus Daniel O'regan in Crunch zone.
6:48 of 2nd period - Slapshot by Wiley Sherman.
6:48 of 2nd period - Deflect By Henrik Borgstrom.
6:48 of 2nd period - Shot Misses the Net.
6:48 of 2nd period - Puck is out of play.
6:49 of 2nd period - Jack Roslovic wins face-off versus Henrik Borgstrom in Crunch zone.
6:58 of 2nd period - Wrist shot by Reece Willcox.
6:58 of 2nd period - Shot Misses the Net.
7:00 of 2nd period - Slapshot by Adam Tambellini.
7:00 of 2nd period - Shot Misses the Net.
7:02 of 2nd period - Snap shot by Reece Willcox.
7:02 of 2nd period - Stopped by Kaapo Kahkonen with a rebound.
7:04 of 2nd period - Wrist shot by Adam Tambellini.
7:04 of 2nd period - Shot Misses the Net.
7:29 of 2nd period - Roland McKeown is hit by Jordan LaVallee.
8:14 of 2nd period - Penalty to Robert Thomas is over, Robert Thomas is back on ice.
8:26 of 2nd period - Wrist shot by Anatoli Golyshev.
8:26 of 2nd period - Stopped by Michael Houser with a rebound.
8:30 of 2nd period - Slapshot by Anatoli Golyshev.
8:30 of 2nd period - Stopped by Michael Houser with a rebound.
8:47 of 2nd period - Tucker Poolman is hit by Brendan Guhle and loses puck.
9:45 of 2nd period - Slapshot by Jordan LaVallee.
9:45 of 2nd period - Stopped by Kaapo Kahkonen without a rebound.
9:46 of 2nd period - Daniel O'regan wins face-off versus Jack Roslovic in Crunch zone.
10:07 of 2nd period - Minor Penalty to Daniel O'regan for Interference.
10:08 of 2nd period - Sam Bennett wins face-off versus Jordan LaVallee in Little Stars zone.
10:09 of 2nd period - Slapshot by Jakob Chychrun.
10:09 of 2nd period - Shot Misses the Net.
10:23 of 2nd period - Wrist shot by Ilya Mikheyev.
10:23 of 2nd period - Stopped by Kaapo Kahkonen without a rebound.
10:24 of 2nd period - Jordan LaVallee wins face-off versus Sam Bennett in Crunch zone.
10:51 of 2nd period - Anton Cederholm is hit by Jordan Oesterle and loses puck.
12:07 of 2nd period - Penalty to Daniel O'regan is over, Daniel O'regan is back on ice.
12:31 of 2nd period - Slapshot by Michael Mersch.
12:31 of 2nd period - Shot Misses the Net.
12:33 of 2nd period - Wrist shot by Michael Mersch.
12:33 of 2nd period - Shot Misses the Net.
12:59 of 2nd period - Noah Hanifin is hit by Henrik Borgstrom and loses puck.
13:04 of 2nd period - Snap shot by Henrik Borgstrom.
13:04 of 2nd period - Stopped by Kaapo Kahkonen with a rebound.
13:33 of 2nd period - Lawrence Pilut is hit by Anatoli Golyshev and loses puck.
13:46 of 2nd period - Robert Thomas is hit by Lawrence Pilut.
13:49 of 2nd period - Off-side.
13:50 of 2nd period - Sam Bennett wins face-off versus Jason Dickinson in neutral zone.
13:53 of 2nd period - Wiley Sherman is hit by Jordan Oesterle.
14:44 of 2nd period - Wrist shot by Jack Roslovic.
14:44 of 2nd period - Goal by Jack Roslovic - Crunch : 4 - Little Stars : 1.
14:44 of 2nd period - Danil Tarasov enters game.
14:45 of 2nd period - Sam Bennett wins face-off versus Daniel O'regan in neutral zone.
14:50 of 2nd period - Wrist shot by Sam Bennett.
14:50 of 2nd period - Stopped by Danil Tarasov with a rebound.
14:52 of 2nd period - Slapshot by Anthony Cirelli.
14:52 of 2nd period - Shot Misses the Net.
14:54 of 2nd period - Snap shot by Sam Bennett.
14:54 of 2nd period - Deflect By Jordan LaVallee.
14:54 of 2nd period - Stopped by Danil Tarasov without a rebound.
14:55 of 2nd period - Daniel O'regan wins face-off versus Sam Bennett in Little Stars zone.
15:28 of 2nd period - Slapshot by Jordan LaVallee.
15:28 of 2nd period - Shot Misses the Net.
15:36 of 2nd period - Slapshot by Sam Bennett.
15:36 of 2nd period - Deflect By Jeremy Bracco.
15:36 of 2nd period - Shot Misses the Net.
15:36 of 2nd period - Puck is out of play.
15:37 of 2nd period - Jack Roslovic wins face-off versus Henrik Borgstrom in Little Stars zone.
16:29 of 2nd period - Snap shot by Jack Roslovic.
16:29 of 2nd period - Shot Blocked by Eric Knodel.
16:46 of 2nd period - Slapshot by Jack Roslovic.
16:46 of 2nd period - Goal by Jack Roslovic - Crunch : 5 - Little Stars : 1.
16:47 of 2nd period - Sam Bennett wins face-off versus Daniel O'regan in neutral zone.
16:49 of 2nd period - Brendan Guhle is hit by Wiley Sherman and loses puck.
16:56 of 2nd period - Backhand shot by Sam Bennett.
16:56 of 2nd period - Stopped by Danil Tarasov with a rebound.
16:58 of 2nd period - Snap shot by Roland McKeown.
16:58 of 2nd period - Deflect By Sam Bennett.
16:58 of 2nd period - Goal by Sam Bennett - Crunch : 6 - Little Stars : 1.
16:59 of 2nd period - Daniel O'regan wins face-off versus Sam Bennett in neutral zone.
17:02 of 2nd period - Slapshot by Wiley Sherman.
17:02 of 2nd period - Deflect By Daniel O'regan.
17:02 of 2nd period - Stopped by Kaapo Kahkonen without a rebound.
17:03 of 2nd period - Daniel O'regan wins face-off versus Sam Bennett in Crunch zone.
18:11 of 2nd period - Sam Bennett is hit by Jordan LaVallee and loses puck.
18:54 of 2nd period - Snap shot by Wiley Sherman.
18:54 of 2nd period - Shot Misses the Net.
Goals for this period are 3 for Crunch vs 0 for Little Stars.
Shots for this period are 11 for Crunch vs 5 for Little Stars.
3rd period
0:01 of 3rd period - Sam Bennett wins face-off versus Henrik Borgstrom in neutral zone.
0:06 of 3rd period - Wiley Sherman is hit by Jeremy Bracco and loses puck.
0:28 of 3rd period - Icing by Ilya Mikheyev.
0:29 of 3rd period - Jack Roslovic wins face-off versus Ilya Mikheyev in Little Stars zone.
0:34 of 3rd period - Snap shot by Michael Ferland.
0:34 of 3rd period - Stopped by Danil Tarasov without a rebound.
0:35 of 3rd period - Sam Bennett wins face-off versus Henrik Borgstrom in Little Stars zone.
0:46 of 3rd period - Wrist shot by Anthony Cirelli.
0:46 of 3rd period - Shot Blocked by Wiley Sherman.
0:48 of 3rd period - Slapshot by Roland McKeown.
0:48 of 3rd period - Stopped by Danil Tarasov without a rebound.
0:49 of 3rd period - Henrik Borgstrom wins face-off versus Jack Roslovic in Little Stars zone.
1:04 of 3rd period - Snap shot by Adam Tambellini.
1:04 of 3rd period - Stopped by Kaapo Kahkonen with a rebound.
1:34 of 3rd period - Backhand shot by Jacob Josefson.
1:34 of 3rd period - Stopped by Danil Tarasov without a rebound.
1:35 of 3rd period - Jason Dickinson wins face-off versus Jacob Josefson in Little Stars zone.
1:48 of 3rd period - Snap shot by Jacob Josefson.
1:48 of 3rd period - Shot Blocked by Anton Cederholm.
1:50 of 3rd period - Slapshot by Brandon Hagel.
1:50 of 3rd period - Stopped by Danil Tarasov without a rebound.
1:51 of 3rd period - Adam Tambellini wins face-off versus Sam Bennett in Little Stars zone.
1:58 of 3rd period - Snap shot by Adam Tambellini.
1:58 of 3rd period - Shot Misses the Net.
2:00 of 3rd period - Snap shot by Henrik Borgstrom.
2:00 of 3rd period - Stopped by Kaapo Kahkonen with a rebound.
2:02 of 3rd period - Wrist shot by Henrik Borgstrom.
2:02 of 3rd period - Goal by Henrik Borgstrom - Crunch : 6 - Little Stars : 2.
2:03 of 3rd period - Henrik Borgstrom wins face-off versus Jack Roslovic in neutral zone.
2:28 of 3rd period - Sam Bennett is hit by Wiley Sherman and loses puck.
2:39 of 3rd period - Wrist shot by Daniel O'regan.
2:39 of 3rd period - Shot Misses the Net.
3:22 of 3rd period - Icing by Reece Willcox.
3:23 of 3rd period - Roman Horak wins face-off versus Jack Roslovic in Little Stars zone.
3:34 of 3rd period - Michael Mersch is hit by Michael Ferland and loses puck.
3:47 of 3rd period - Slapshot by Michael Mersch.
3:47 of 3rd period - Shot Misses the Net.
3:49 of 3rd period - Slapshot by Eric Knodel.
3:49 of 3rd period - Stopped by Kaapo Kahkonen with a rebound.
3:51 of 3rd period - Snap shot by Justin Auger.
3:51 of 3rd period - Stopped by Kaapo Kahkonen with a rebound.
4:14 of 3rd period - Snap shot by Jack Roslovic.
4:14 of 3rd period - Stopped by Danil Tarasov with a rebound.
4:25 of 3rd period - Off-side.
4:26 of 3rd period - Anthony Cirelli wins face-off versus Henrik Borgstrom in neutral zone.
4:31 of 3rd period - Slapshot by Roland McKeown.
4:31 of 3rd period - Stopped by Danil Tarasov with a rebound.
5:01 of 3rd period - Icing by Jacob Josefson.
5:02 of 3rd period - Daniel O'regan wins face-off versus Jacob Josefson in Crunch zone.
5:11 of 3rd period - Wrist shot by Joel Vermin.
5:11 of 3rd period - Deflect By Ilya Mikheyev.
5:11 of 3rd period - Shot Misses the Net.
5:11 of 3rd period - Puck is out of play.
5:12 of 3rd period - Daniel O'regan wins face-off versus Sam Bennett in Little Stars zone.
5:12 of 3rd period - Daniel O'regan is hit by Jeremy Bracco.
5:28 of 3rd period - Snap shot by Jeremy Bracco.
5:28 of 3rd period - Shot Misses the Net.
5:42 of 3rd period - Wrist shot by Daniel O'regan.
5:42 of 3rd period - Goal by Daniel O'regan - Crunch : 6 - Little Stars : 3.
5:43 of 3rd period - Sam Bennett wins face-off versus Henrik Borgstrom in neutral zone.
5:43 of 3rd period - Jeremy Bracco is hit by Anton Cederholm and loses puck.
5:48 of 3rd period - Snap shot by Adam Tambellini.
5:48 of 3rd period - Stopped by Kaapo Kahkonen without a rebound.
5:49 of 3rd period - Sam Bennett wins face-off versus Henrik Borgstrom in Crunch zone.
5:49 of 3rd period - Sam Bennett is hit by Henrik Borgstrom.
6:02 of 3rd period - Minor Penalty to Anton Cederholm for Holding.
6:03 of 3rd period - Sam Bennett wins face-off versus Jordan LaVallee in Little Stars zone.
8:02 of 3rd period - Penalty to Anton Cederholm is over, Anton Cederholm is back on ice.
8:26 of 3rd period - Joakim Nygard is hit by Joel Vermin.
8:41 of 3rd period - Off-side.
8:42 of 3rd period - Adam Tambellini wins face-off versus Jack Roslovic in neutral zone.
8:50 of 3rd period - Minor Penalty to Michael Ferland for Holding.
8:51 of 3rd period - Sam Bennett wins face-off versus Daniel O'regan in Crunch zone.
10:50 of 3rd period - Penalty to Michael Ferland is over, Michael Ferland is back on ice.
11:23 of 3rd period - Snap shot by Joakim Nygard.
11:23 of 3rd period - Shot Misses the Net.
11:33 of 3rd period - Slapshot by Anatoli Golyshev.
11:33 of 3rd period - Shot Misses the Net.
12:01 of 3rd period - Daniel O'regan is hit by Sam Bennett and loses puck.
12:14 of 3rd period - Ville Pokka is hit by Noah Hanifin and loses puck.
12:31 of 3rd period - Wrist shot by Joakim Nygard.
12:31 of 3rd period - Stopped by Kaapo Kahkonen with a rebound.
12:33 of 3rd period - Snap shot by Matt Luff.
12:33 of 3rd period - Goal by Matt Luff - Crunch : 6 - Little Stars : 4.
12:34 of 3rd period - Sam Bennett wins face-off versus Henrik Borgstrom in neutral zone.
12:39 of 3rd period - Snap shot by Sam Bennett.
12:39 of 3rd period - Stopped by Danil Tarasov without a rebound.
12:40 of 3rd period - Alex Belzile wins face-off versus Sam Bennett in Little Stars zone.
12:49 of 3rd period - Slapshot by Adam Tambellini.
12:49 of 3rd period - Stopped by Kaapo Kahkonen without a rebound.
12:50 of 3rd period - Henrik Borgstrom wins face-off versus Sam Bennett in Crunch zone.
13:26 of 3rd period - Daniel O'regan is hit by Jack Roslovic and loses puck.
13:43 of 3rd period - Slapshot by Jordan LaVallee.
13:43 of 3rd period - Stopped by Kaapo Kahkonen with a rebound.
14:03 of 3rd period - Anatoli Golyshev is hit by Roman Horak and loses puck.
14:18 of 3rd period - Noah Hanifin is hit by Reece Willcox and loses puck.
14:47 of 3rd period - Snap shot by Jack Roslovic.
14:47 of 3rd period - Shot Blocked by Ilya Mikheyev.
15:27 of 3rd period - Jason Dickinson is hit by Sam Bennett and loses puck.
15:48 of 3rd period - Wrist shot by Adam Tambellini.
15:48 of 3rd period - Shot Misses the Net.
16:41 of 3rd period - Backhand shot by Anthony Cirelli.
16:41 of 3rd period - Deflect By Jeremy Bracco.
16:41 of 3rd period - Stopped by Danil Tarasov with a rebound.
17:05 of 3rd period - Snap shot by Alex Belzile.
17:05 of 3rd period - Shot Blocked by Noah Hanifin.
17:07 of 3rd period - Wrist shot by Alex Belzile.
17:07 of 3rd period - Goal by Alex Belzile - Crunch : 6 - Little Stars : 5.
17:08 of 3rd period - Jacob Josefson wins face-off versus Jason Dickinson in neutral zone.
17:17 of 3rd period - Brendan Guhle is hit by Matt Luff and loses puck.
17:34 of 3rd period - Backhand shot by Adam Tambellini.
17:34 of 3rd period - Deflect By Alex Belzile.
17:34 of 3rd period - Shot Blocked by Brendan Guhle.
17:34 of 3rd period - Puck is out of play.
17:35 of 3rd period - Sam Bennett wins face-off versus Henrik Borgstrom in Crunch zone.
17:37 of 3rd period - Minor Penalty to Noah Hanifin for Holding.
17:38 of 3rd period - Daniel O'regan wins face-off versus Sam Bennett in Crunch zone.
17:48 of 3rd period - Snap shot by Daniel O'regan.
17:48 of 3rd period - Stopped by Kaapo Kahkonen without a rebound.
17:49 of 3rd period - Daniel O'regan wins face-off versus Sam Bennett in Crunch zone.
18:50 of 3rd period - Off-side.
18:51 of 3rd period - Mike Yeo call a timeout for Little Stars.
18:51 of 3rd period - Jack Roslovic wins face-off versus Daniel O'regan in neutral zone.
19:02 of 3rd period - Little Stars, Danil Tarasov is pulled from the net.
19:16 of 3rd period - Jack Roslovic is hit by Daniel O'regan and loses puck.
19:35 of 3rd period - Slapshot by Jordan LaVallee.
19:35 of 3rd period - Shot Blocked by Roland McKeown.
19:37 of 3rd period - Penalty to Noah Hanifin is over, Noah Hanifin is back on ice.
19:37 of 3rd period - Wrist shot by Ilya Mikheyev.
19:37 of 3rd period - Shot Misses the Net.
19:39 of 3rd period - Slapshot by Anton Cederholm.
19:39 of 3rd period - Shot Misses the Net.
19:41 of 3rd period - Snap shot by Ilya Mikheyev.
19:41 of 3rd period - Stopped by Kaapo Kahkonen without a rebound.
19:42 of 3rd period - Emile Poirier wins face-off versus Sam Bennett in Crunch zone.
19:51 of 3rd period - Wrist shot by Wiley Sherman.
19:51 of 3rd period - Stopped by Kaapo Kahkonen with a rebound.
19:53 of 3rd period - Snap shot by Wiley Sherman.
19:53 of 3rd period - Stopped by Kaapo Kahkonen with a rebound.
19:55 of 3rd period - Wrist shot by Anton Cederholm.
19:55 of 3rd period - Shot Blocked by Brendan Guhle.
19:57 of 3rd period - Wrist shot by Anton Cederholm.
19:57 of 3rd period - Stopped by Kaapo Kahkonen without a rebound.
19:58 of 3rd period - Shane Gersich wins face-off versus Sam Bennett in Crunch zone.
Goals for this period are 0 for Crunch vs 4 for Little Stars.
Shots for this period are 8 for Crunch vs 17 for Little Stars.